 Dungeon Crawl Stone Soup version 0.31.0-32-g396128a36d (webtiles) character file.

Game seed: 14334662247537433667

186 Baz the Slasher (level 5, -3/47 HPs)
             Began as a Minotaur Berserker on Mar 16, 2024.
             Was a Believer of Trog.
             Incinerated by a bombardier beetle (6 damage)
             ... with a burning spray
             ... on level 4 of the Dungeon.
             The game lasted 00:03:31 (2692 turns).

Baz the Slasher (Minotaur Berserker)                Turns: 2692, Time: 00:03:32

Health: -3/47      AC:  7    Str: 30    XL:     5   Next: 38%
Magic:  4/4        EV: 11    Int:  4    God:    Trog [**....]
Gold:   36         SH:  0    Dex:  9    Spells: 4/4 levels left

rFire   . . .        a - +0 falchion
rCold   . . .        (no shield)
rNeg    . . .        q - +0 ring mail
rPois   .            (helmet restricted)
rElec   .            k - +0 cloak
rCorr   .            (no gloves)
SInv    .            (no boots)
Will    ++...        (no amulet) Stlth
                     d - +6 ring of strength
HPRegen 1.27/turn    (no ring)
MPRegen 0.09/turn

%: no passive effects
@: on fire, strong-willed, regenerating, glowing
A: horns 2, retaliatory headbutt
a: Renounce Religion, Berserk, Trog's Hand


You were on level 4 of the Dungeon.
You worshipped Trog.
Trog was pleased with you.
You visited 1 branch of the dungeon, and saw 4 of its levels.

You collected 132 gold pieces.
You spent 96 gold pieces at shops.

Inventory:

Hand Weapons
 a - a +0 falchion (weapon)
Armour
 k - a +0 cloak (worn)
 q - a +0 ring mail (worn)
Jewellery
 d - a +6 ring of strength (left hand)
 f - a ring of fire
Wands
 g - a wand of charming (6)
Scrolls
 c - a scroll of enchant weapon {unknown}
 j - a scroll of revelation {unknown}
 n - 4 scrolls of identify {unknown}
 p - a scroll of teleportation {unknown}
Potions
 e - a potion of mutation {unknown}
 h - a potion of ambrosia {unknown}
 i - a potion of degeneration {unknown}
 l - 3 potions of curing
 m - a potion of heal wounds
 o - a potion of haste {unknown}


   Skills:
 + Level 4.6 Fighting
 * Level 5.4 Long Blades
 + Level 3.7 Armour
 + Level 3.3 Dodging


You had 4 spell levels left.
You didn't know any spells.
Your spell library was empty.

Dungeon Overview and Level Annotations

Branches:
Dungeon (4/15)
 Temple: D:4-7

Altars:
Elyvilon
Yredelemnul

Shops:
D:2 !


Innate Abilities, Weirdness & Mutations

You have a pair of horns on your head.
You reflexively headbutt those who attack you in melee.


Message History

The bombardier beetle bites you but does no damage.
Something hits you but does no damage.
You slash the bombardier beetle!
The bombardier beetle is almost dead.
The liquid fire burns you! Something hits you.
Unknown command.
You hit the bombardier beetle.
The bombardier beetle is almost dead.
The liquid fire burns you!
* * * LOW HITPOINT WARNING * * *
The bombardier beetle sprays incendiary fluid at you.
The burning spray hits you.
You are even more covered in liquid fire!
Something hits you.
* * * LOW HITPOINT WARNING * * *
You closely miss the bombardier beetle.
The bombardier beetle is almost dead.
The liquid fire burns you!
* * * LOW HITPOINT WARNING * * *
Something barely misses you.
The bombardier beetle closely misses you.
Unknown command.
You barely miss the bombardier beetle.
The bombardier beetle is almost dead.
The liquid fire burns you!
* * * LOW HITPOINT WARNING * * *
Something completely misses you.
Unknown command.
You hit the bombardier beetle.
You kill the bombardier beetle!
Trog accepts your kill. The liquid fire burns you!
* * * LOW HITPOINT WARNING * * *
Something hits you but does no damage.
You slash the ball python!
You kill the ball python!
Trog accepts your kill. The liquid fire burns you!
You die...

.. #...# ...####o..# .
.(..o..?..##.###....~≈≈
..?....o....##........~≈≈
...B...S..............~≈≈
.... #o###........~~≈≈
.?... #...#........~≈≈~
......#####.#........~≈≈~
.......†@{So.........~≈≈~
.$....######........<~≈≈~
##### ##.....>.....~≈≈~
##..#.........~≈≈~
###.....#####...~~≈≈
#...##### #....~≈≈ #####
#....~≈≈ #....~~≈
######~≈


You could see an orc wizard and an adder.

Vanquished Creatures
  A bombardier beetle (D:4)
  An orc wizard (D:3)
  3 gnolls (D:3)
  2 adders
  3 ribbon worms
  3 orcs (D:3)
  6 bats
  4 endoplasms
  2 giant cockroaches
  11 goblins
  6 hobgoblins
  2 jackals (D:1)
  3 quokkas
  10 ball pythons
  7 kobolds
  7 rats
71 creatures vanquished.

Notes
Turn   | Place    | Note
-------+----------+-------------------------------------------
     0 | D:1      | Baz the Minotaur Berserker began the quest for the Orb.
     0 | D:1      | Reached XP level 1. HP: 19/19 MP: 0/0
   269 | D:1      | Reached XP level 2. HP: 27/27 MP: 1/1
   308 | D:1      | Reached skill level 4 in Long Blades
  1032 | D:2      | Reached ** piety under Trog
  1035 | D:2      | Reached XP level 3. HP: 33/33 MP: 2/2
  1212 | D:2      | Found a faded altar of an unknown god.
  1511 | D:2      | Found Fomuqepa's Distillery.
  1537 | D:2      | Bought a potion of curing for 36 gold pieces
  1537 | D:2      | Bought a potion of heal wounds for 60 gold pieces
  1907 | D:3      | Reached XP level 4. HP: 40/40 MP: 3/3
  2078 | D:3      | Found a white marble altar of Elyvilon.
  2094 | D:3      | Reached skill level 5 in Long Blades
  2141 | D:3      | Reached XP level 5. HP: 22/47 MP: 4/4
  2308 | D:3      | Found a basalt altar of Yredelemnul.
  2691 | D:4      | HP: 2/47 [burnt (4)]
  2692 | D:4      | Incinerated by a bombardier beetle

Illustrated notes

Levels and vault maps discovered:
D:1:      dpeg_arrival_simpleton_a, layout_basic
D:2:      layout_loops_cross, serial_shops, nicolae_shop_window_shopping,
          shapermc_ecumenical_altar_rom_forum, minmay_vboxes
D:3:      layout_loops_ring, mainiacjoe_overflow_six_doors_small,
          mainiacjoe_overflow_surrounded_room, grunt_ministairs_15
D:4:      wander_river, layout_rooms

Skill      XL: |  1  2  3  4 |
---------------+-------------+-----
Long Blades    | 4 5 |  5.4
Fighting       | 4 |  4.6
Armour         | 3 |  3.7
Dodging        | 3 |  3.3

Action                     |  1- 3 |  4- 6 || total
---------------------------+-------+-------++-------
  Melee: Falchion          |   113 |    64 ||   177
         Headbutt          |    15 |    11 ||    26
         Punch             |     1 |       ||     1
 Invoke: Trog's Hand       |       |     2 ||     2
         Berserk           |       |     1 ||     1
 Armour: Animal skin       |    64 |    20 ||    84
         Ring mail         |       |    17 ||    17
  Dodge: Dodged            |    68 |    32 ||   100
